 Dungeon Crawl Stone Soup version 0.30-a0-778-g2ef04afb54 (webtiles) character file.

Game seed: 17427698633844345323

88 sircluck the Trooper (level 4, -1/41 HPs)
             Began as a Minotaur Fighter on Feb 15, 2023.
             Slain by a gnoll sergeant
             ... wielding a +0 spear
              (6 damage)
             ... on level 5 of the Dungeon.
             The game lasted 00:02:06 (783 turns).

sircluck the Trooper (Minotaur Fighter)              Turns: 783, Time: 00:02:07

Health: -1/41      AC:  7    Str: 22    XL:     4   Next: 30%
Magic:  3/3        EV:  9    Int:  5    God:
Gold:   104        SH:  4    Dex: 10    Spells: 3/3 levels left

rFire   . . .      SeeInvis .    a - +0 trident
rCold   . . .      Faith    .    c - +0 buckler
rNeg    . . .      Spirit   .    b - +0 scale mail
rPois   .          Reflect  .    (helmet restricted)
rElec   .          Harm     .    (no cloak)
rCorr   .          Rampage  .    (no gloves)
Will    .....                    (no boots) Stlth
                                 (no amulet)
HPRegen 0.26/turn                (no ring)
MPRegen 0.08/turn                (no ring)

@: mighty
A: horns 2, retaliatory headbutt
a: no special abilities


You were on level 5 of the Dungeon.
You visited 1 branch of the dungeon, and saw 5 of its levels.

You collected 104 gold pieces.

Inventory:

Hand Weapons
 a - a +0 trident (weapon)
Missiles
 k - 3 curare-tipped darts (quivered)
Armour
 b - a +0 scale mail (worn)
 c - a +0 buckler (worn)
Jewellery
 g - the amulet of Elemental Vulnerability {rPois rF-- rC-- AC+8}
   (You found it on level 5 of the Dungeon)

   [amulet of nothing]

   AC:        It affects your AC (+8).
   rF:        It makes you very vulnerable to fire.
   rC:        It makes you very vulnerable to cold.
   rPois:     It protects you from poison.
 j - a +5 ring of evasion
Potions
 d - 3 potions of might
 e - 2 potions of curing {unknown}
 f - a potion of degeneration {unknown}
 h - 2 potions of brilliance {unknown}
 i - 2 potions of heal wounds {unknown}


   Skills:
 + Level 4.6 Fighting
 + Level 3.4 Polearms
 + Level 4.5 Armour
 + Level 0.2 Dodging
 + Level 4.0 Shields


You had 3 spell levels left.
You didn't know any spells.
Your spell library was empty.

Dungeon Overview and Level Annotations

Branches:
Dungeon (5/15)
 Temple: D:4-7

Altars:

Annotations:
D:4 Eustachio


Innate Abilities, Weirdness & Mutations

You have a pair of horns on your head.
You reflexively headbutt those who attack you in melee.


Message History

The gnoll sergeant is heavily wounded.
The gnoll sergeant misses you.
You reach to attack!
You puncture the gnoll sergeant!
The gnoll sergeant is almost dead.
The gnoll sergeant hits you from afar with a +0 spear.
The gnoll sergeant hits you but does no damage.
You puncture the gnoll!
The gnoll is almost dead.
The gnoll sergeant hits you but does no damage.
You hit the gnoll but do no damage. You headbutt the gnoll.
You kill the gnoll!
The gnoll sergeant hits you but does no damage.
You barely miss the gnoll.
The gnoll sergeant hits you from afar with a +0 spear.
You hit the gnoll. You headbutt the gnoll.
You kill the gnoll!
The gnoll throws a throwing net.
The throwing net hits you.
You become entangled in the net!
The gnoll sergeant hits you from afar with a +0 spear!
You are held in a net!
You are held in a net!
You are held in a net!
You are held in a net!
You are held in a net!
You are held in a net!
You are held in a net!
You struggle against the net.
The gnoll hits you but does no damage.
The gnoll sergeant hits you from afar with a +0 spear!
You struggle against the net.
The gnoll hits you but does no damage.
The gnoll sergeant hits you from afar with a +0 spear.
* * * LOW HITPOINT WARNING * * *
You struggle against the net.
The gnoll hits you from afar with a +0 spear.
* * * LOW HITPOINT WARNING * * *
The gnoll sergeant barely misses you.
You rip the net and break free!
The gnoll hits you from afar with a +0 spear.
* * * LOW HITPOINT WARNING * * *
The gnoll sergeant hits you from afar with a +0 spear.
You die...

###........+...gg.
#..........#..g..g
##..........# ..g..
#...........####...
#....))........# ..
#..............# #
##........gg...#
#.............#
#.......#@)...#
#.......#.....#
#########.....#
#.....# #######


You could see a gnoll sergeant and a gnoll.

Vanquished Creatures
  5 gnolls
  An adder (D:3)
  2 dart slugs
  3 orcs (D:5)
  2 bats
  2 endoplasms
  3 goblins
  A quokka (D:3)
  A ball python (D:2)
  2 frilled lizards
  3 kobolds
  3 rats
28 creatures vanquished.

Notes
Turn   | Place    | Note
-------+----------+-------------------------------------------
     0 | D:1      | sircluck the Minotaur Fighter began the quest for the Orb.
     0 | D:1      | Reached XP level 1. HP: 19/19 MP: 0/0
    70 | D:2      | Reached XP level 2. HP: 27/27 MP: 1/1
   426 | D:3      | Reached XP level 3. HP: 33/33 MP: 2/2
   525 | D:4      | Noticed Eustachio
   553 | D:5      | Entered Level 5 of the Dungeon
   640 | D:5      | Found the amulet of Elemental Vulnerability {rPois rF--
                  | rC-- AC+8}
   735 | D:5      | Reached XP level 4. HP: 38/41 MP: 3/3
   758 | D:5      | Noticed a gnoll sergeant
   783 | D:5      | Slain by a gnoll sergeant

Illustrated notes

Levels and vault maps discovered:
D:1:      minmay_arrival_jagged, layout_basic, minivault_25
D:2:      layout_loops_ring
D:3:      layout_loops_corners
D:4:      layout_gridville, uniq_eustachio, uniq_grinder, uniq_sigmund
D:5:      layout_basic

Skill      XL: |  1  2  3 |
---------------+----------+-----
Fighting       | 4 |  4.6
Armour         | 4 |  4.5
Polearms       | 3 |  3.4
Shields        | 4 |  4.0
Dodging        | |  0.2

Action                     |  1- 3 |  4- 6 || total
---------------------------+-------+-------++-------
  Melee: Trident           |    58 |     6 ||    64
         Headbutt          |     6 |     2 ||     8
    Use: Potion            |       |     1 ||     1
 Armour: Scale mail        |    16 |     5 ||    21
  Dodge: Dodged            |    16 |     2 ||    18
  Block: Buckler           |    11 |       ||    11

Table legend: (Time is in decaauts)
 A = Elapsed time spent in this place.
 B = Non-inter-level travel time spent in this place.
 C = Inter-level travel time spent in this place.
 D = Time resting spent in this place.
 E = Time spent auto-exploring this place.
 F = Levels seen in this place.
 G = Mean time per level.
                   A        B        C        D        E       F      G
               +--------+--------+--------+--------+--------+-----+--------+
         Total |    795 |    787 |      8 |      0 |    545 |   5 |  159.0 |
       Dungeon |    795 |    787 |      8 |      0 |    545 |   5 |  159.0 |
               +--------+--------+--------+--------+--------+-----+--------+

Top non-repeatable levels by time:
     D:3: 291 daAuts
     D:5: 231 daAuts
     D:2: 126 daAuts
     D:4: 94 daAuts
     D:1: 51 daAuts
